 Dungeon Crawl Stone Soup version 0.29.1-13-g9f3cf754e1 (webtiles) character file.

Game seed: 14608826281456973291

1272 zohirben the Cleaver (level 8, -5/96 HPs)
             Began as a Minotaur Berserker on Feb 2, 2023.
             Was a Priest of Trog.
             Killed by divine providence
             ... invoked by an orc priest
              (15 damage)
             ... on level 5 of the Dungeon.
             The game lasted 00:22:39 (6404 turns).

zohirben the Cleaver (Minotaur Berserker)           Turns: 6404, Time: 00:22:40

Health: -5/96      AC: 20    Str: 24    XL:     8   Next: 28%
Magic:  7/7        EV:  7    Int:  4    God:    Trog [***...]
Gold:   211        SH:  5    Dex: 16    Spells: 7/7 levels left

rFire   . . .      SeeInvis .   e - +0 war axe
rCold   . . .      Faith    .   (no shield)
rNeg    . . .      Spirit   .   r - +3 plate armour
rPois   .          Reflect  +   (helmet restricted)
rElec   .          Harm     .   m - +1 cloak
rCorr   .          Rampage  .   (no gloves)
Will    .....                   (no boots)
Stlth   ..........              q - amulet of reflection
HPRegen 0.26/turn               c - +4 ring of protection
MPRegen 0.10/turn               o - +6 ring of dexterity

@: mighty, berserking (expiring), very quick
A: horns 2, retaliatory headbutt
a: Renounce Religion, Berserk, Trog's Hand


You were on level 5 of the Dungeon.
You worshipped Trog.
Trog was most pleased with you.
You visited 1 branch of the dungeon, and saw 6 of its levels.

You collected 211 gold pieces.

Inventory:

Hand Weapons
 a - a +0 hand axe
 e - a +0 war axe (weapon)
Missiles
 n - 4 poisoned darts (quivered)
Armour
 b - a +0 animal skin
 l - a +0 cloak
 m - a +1 cloak (worn)
 p - a +0 scale mail
 r - a +3 plate armour (worn)
Jewellery
 c - a +4 ring of protection (left hand)
 o - a +6 ring of dexterity (right hand)
 q - an amulet of reflection (around neck)
 t - a +6 ring of intelligence
Wands
 v - a wand of light (14)
 y - a wand of roots (8)
 z - a wand of charming (9)
Scrolls
 d - 4 scrolls of fear
Potions
 f - 2 potions of curing
 g - a potion of might
 h - a potion of lignification {unknown}
 i - a potion of attraction {unknown}
 j - a potion of flight {unknown}
 k - a potion of berserk rage {unknown}
 s - a potion of cancellation {unknown}
 u - 2 potions of heal wounds {unknown}
 w - a potion of degeneration {unknown}
 A - a potion of mutation {unknown}
 B - a potion of ambrosia {unknown}


   Skills:
 - Level 3.6 Fighting
 + Level 12.4 Axes
 - Level 2.4 Armour
 - Level 2.1 Dodging


You had 7 spell levels left.
You didn't know any spells.
Your spell library was empty.

Dungeon Overview and Level Annotations

Branches:
Dungeon (6/15)
 Temple: D:4-7

Altars:
Elyvilon
Zin

Shops:
D:5 *

Annotations:
D:5 1 runed translucent door


Innate Abilities, Weirdness & Mutations

You have a pair of horns on your head.
You reflexively headbutt those who attack you in melee.


Message History

A red film seems to cover your vision as you go berserk!
You feel yourself moving faster!
You feel mighty!
The orc warrior hits you with a +0 long sword!
* * * LOW HITPOINT WARNING * * *
The orc hits you but does no damage.
Okay, then.
You closely miss the orc warrior.
The orc warrior is almost dead.
The orc warrior hits you with a +0 long sword.
* * * LOW HITPOINT WARNING * * *
The orc closely misses you.
The orc wizard mumbles some strange words.
The orc wizard flickers and vanishes!
Deactivating autopickup; reactivate with Ctrl-A.
You closely miss the orc warrior.
The orc warrior is almost dead.
You slash the orc warrior!
You kill the orc warrior!
Trog accepts your kill. The orc hits you but does no damage.
The orc priest looks satisfied for a moment.
The orc hits you with a +0 trident.
* * * LOW HITPOINT WARNING * * *
Something hits you but does no damage.
Things that are here:
a +0 long sword; a +0 plate armour; an orc corpse You slice the orc!!
You kill the orc!
Trog accepts your kill.
The orc priest hits you but does no damage.
Something hits you!
* * * LOW HITPOINT WARNING * * *
Something burns you.
* * * LOW HITPOINT WARNING * * *
You see here a +0 trident.
You closely miss the orc priest. Your headbutt misses the orc priest.
You closely miss something.
The orc priest invokes the aid of Beogh against you.
Beogh smites you!
You die...

######...........
##......##.....##.
#............#.###
#.######8###...##.
#.# ##.##....#.
#.# #.#...... #.#
.#.#.... #)# #
.... #@# ... #{o#
### #... ##.#.
...# # #.#.#
...... ..########
......#
..##.....###.##...
#............#....
##<...#....#.....


You could see an orc priest.

Vanquished Creatures
  A steam dragon (D:6)
  Duvessa (D:5)
  An ice beast (D:6)
  An orc warrior (D:5)
  The ghost of diceflayer the Shooter, an amateur DsHu (D:3)
  2 ogres
  A necrophage (D:4)
  A scorpion (D:5)
  Dowan (D:5)
  2 hounds (D:5)
  3 quasits (D:3)
  A jelly (D:6)
  4 iguanas
  4 gnolls
  4 adders
  2 ufetubi
  2 worms
  3 dart slugs
  5 orcs
  11 ball pythons
  8 bats
  6 endoplasms
  4 giant cockroaches
  10 hobgoblins
  3 jackals (D:4)
  5 quokkas
  4 frilled lizards
  4 goblins
  3 kobolds
  8 rats
106 creatures vanquished.

Vanquished Creatures (others)
  A quokka (D:4)
  A fungus (D:5)
  8 plants (D:3)
10 creatures vanquished.

Grand Total: 116 creatures vanquished

Notes
Turn   | Place    | Note
-------+----------+-------------------------------------------
     0 | D:1      | zohirben the Minotaur Berserker began the quest for the
                  | Orb.
     0 | D:1      | Reached XP level 1. HP: 19/19 MP: 0/0
    79 | D:1      | Reached skill level 4 in Axes
   409 | D:1      | Reached XP level 2. HP: 25/26 MP: 1/1
   828 | D:1      | Reached skill level 5 in Axes
   968 | D:1      | Reached XP level 3. HP: 31/31 MP: 2/2
  1266 | D:2      | Reached ** piety under Trog
  2553 | D:2      | Found a faded altar of an unknown god.
  2602 | D:2      | Reached XP level 4. HP: 39/39 MP: 3/3
  2677 | D:2      | Reached skill level 6 in Axes
  3690 | D:3      | Found a transporter.
  3876 | D:3      | Found a transporter.
  4272 | D:3      | Noticed diceflayer's ghost (amateur DsHu)
  4287 | D:3      | Reached skill level 7 in Axes
  4287 | D:3      | Reached XP level 5. HP: 45/45 MP: 4/4
  4289 | D:3      | Killed diceflayer's ghost
  4290 | D:3      | Reached skill level 8 in Axes
  4291 | D:3      | Reached XP level 6. HP: 51/51 MP: 5/5
  4988 | D:4      | Found a white marble altar of Elyvilon.
  5082 | D:4      | Reached skill level 9 in Axes
  5450 | D:5      | Entered Level 5 of the Dungeon
  5526 | D:5      | Reached XP level 7. HP: 57/57 MP: 6/6
  5527 | D:5      | Noticed Duvessa
  5545 | D:5      | Killed Duvessa
  5546 | D:5      | Reached skill level 10 in Axes
  5549 | D:5      | Noticed Dowan
  5561 | D:5      | Killed Dowan
  5732 | D:5      | Reached *** piety under Trog
  5800 | D:5      | Reached skill level 11 in Axes
  5816 | D:5      | You fall into a shaft and drop 1 floor!
  5892 | D:6      | Noticed a steam dragon
  5898 | D:6      | Killed a steam dragon
  5899 | D:6      | Reached XP level 8. HP: 55/64 MP: 7/7
  6013 | D:6      | Reached skill level 12 in Axes
  6138 | D:5      | Found Zin's Purification Station.
  6138 | D:5      | Found a glowing silver altar of Zin.
  6293 | D:5      | Found a runed translucent door.
  6404 | D:5      | Killed from afar by an orc priest

Skill      XL: |  1  2  3  4  5  6  7  8 |
---------------+-------------------------+-----
Axes           | 4 5 7 8 9 11 12 | 12.4
Fighting       | |  3.6
Armour         | |  2.4
Dodging        | |  2.1

Action                   |  1- 3 |  4- 6 |  7- 9 || total
-------------------------+-------+-------+-------++-------
Melee: Hand axe          |    86 |    27 |       ||   113
       Headbutt          |    12 |    11 |    15 ||    38
       Punch             |     1 |     2 |     2 ||     5
       War axe           |       |    60 |    79 ||   139
Throw: Dart              |     4 |     1 |       ||     5
       Boomerang         |       |     3 |       ||     3
Invok: Berserk           |     1 |     1 |     1 ||     3
       Trog's Hand       |       |     1 |       ||     1
  Use: Scroll            |       |    10 |     3 ||    13
       Potion            |       |       |     1 ||     1
Armor: Animal skin       |    40 |       |       ||    40
       Plate armour      |       |    79 |    35 ||   114
       Scale mail        |       |     6 |       ||     6
Dodge: Dodged            |    58 |    33 |    18 ||   109
Block: Other             |       |     8 |    16 ||    24

Levels and vault maps discovered:
D:1:      dpeg_arrival_long_road, layout_rooms, minmay_fountain_box,
          chequers_serial_rivers_room_a
D:2:      layout_basic, basic_ecumenical_altar
D:3:      layout_basic, gammafunk_ghost_stat_death, serial_bayou,
          serial_bayou_pond_e, serial_bayou_lagoon_b, serial_bayou_pond_e,
          serial_bayou_pond_c, chequers_garden
D:4:      layout_loops_cross, elyvilon_altar_4
D:5:      layout_cave_pools, zin_purify, portal_sewer_entry_a,
          guppyfry_early_orc_mine, uniq_duvessa, uniq_crazy_yiuf_cottage
D:6:      layout_loops_corners
